 Dungeon Crawl Stone Soup version 0.30-a0-918-g0ff054e9dc (webtiles) character file.

Game seed: 17405973753909119751

538 bearlyready the Cudgeller (level 7, -3/53 (62) HPs)
             Began as an Armataur Reaver on Mar 21, 2023.
             Slain by an orc
             ... wielding a +0 trident
              (6 damage)
             ... on level 4 of the Dungeon.
             The game lasted 00:05:05 (3327 turns).

bearlyready the Cudgeller (Armataur Reaver)         Turns: 3327, Time: 00:05:05

HP:   -3/53 (62)    AC:  6    Str: 19    XL:     7   Next: 5%
MP:   7/9           EV:  7    Int: 14    God:
Gold: 166           SH:  0    Dex:  8    Spells: 6/9 levels left

rFire   . . .      SeeInvis .    k - +2 whip (vamp)
rCold   . . .      Faith    .    (no shield)
rNeg    . . .      Spirit   .    r - +0 scale mail
rPois   .          Reflect  .    (no helmet)
rElec   .          Roll     +    (no cloak)
rCorr   .                        (no gloves)
Will    .....                    (no barding) Stlth
                                 (no amulet)
HPRegen 0.28/turn                (no ring)
MPRegen 0.11/turn                (no ring)

@: very slightly contaminated, heavily drained
A: large, rugged brown scales 3, deformed body, armoured tail, roll, long
tongue, awkward tongue
a: no special abilities


You were on level 4 of the Dungeon.
You visited 1 branch of the dungeon, and saw 5 of its levels.

You collected 166 gold pieces.

Inventory:

Hand Weapons
 a - a +0 mace
 k - a +2 vampiric whip (weapon)
Missiles
 c - 28 stones (quivered)
 t - 3 silver boomerangs
Armour
 b - a +0 leather armour
 r - a +0 scale mail (worn)
Scrolls
 f - 8 scrolls of identify {unknown}
 h - a scroll of immolation {unknown}
 i - a scroll of vulnerability {unknown}
 l - a scroll of teleportation
 n - 2 scrolls of amnesia {unknown}
 p - a scroll of magic mapping {unknown}
 s - 2 scrolls of fear {unknown}
 u - a scroll of enchant weapon {unknown}
 w - a scroll of poison {unknown}
 x - a scroll of fog {unknown}
Potions
 d - 2 potions of attraction
 e - 2 potions of might
 g - 3 potions of curing {unknown}
 j - a potion of brilliance {unknown}
 m - a potion of haste {unknown}
 o - 2 potions of magic {unknown}
 q - a potion of degeneration {unknown}
 v - a potion of lignification {unknown}


   Skills:
 + Level 3.8 Fighting
 + Level 6.5 Maces & Flails
 - Level 1.3 Dodging
 - Level 1.7 Spellcasting
 - Level 2.6 Conjurations


You had 6 spell levels left.
You knew the following spells:

 Your Spells              Type           Power      Damage    Failure   Level
a - Kiss of Death         Conj/Necr      16%        2d6       41%         1
b - Momentum Strike       Conj/Tloc      8%         3d8       56%         2

Your spell library contained the following spells:

 Spells                   Type           Power      Damage    Failure   Level
 Slow                     Hex            4%         N/A       61%         1
 Hailstorm                Conj/Ice       4%         3d4       80%         3
 Confusing Touch          Hex            1%         N/A       93%         3
 Vampiric Draining        Necr           1%         2d6       93%         3


Dungeon Overview and Level Annotations

Branches:
Dungeon (5/15)
 Temple: D:4-7

Altars:
Sif Muna
The Shining One


Innate Abilities, Weirdness & Mutations

You are completely covered in rugged brown scales. (AC +3, +7% HP)
Armour fits poorly on your strangely shaped body.
You have a long armoured tail.
You roll when moving toward enemies. (Rampage)
Your long tongue fully drains potion bottles. (2x potion effects)
Your tongue gives you trouble enunciating. (1.5x scroll delay)


Message History

Aiming: Kiss of Death (safe; 41% risk of failure)
Press: ? - help, Shift-Dir - straight line, f - orc priest
Aim: an orc priest, wielding a +1 whip of holy wrath (heavily wounded, 100% to hit)
You miscast Kiss of Death.
You are very lightly contaminated with residual magic.
Nothing appears to happen.
The endoplasm barely misses you.
The orc hits you from afar with a +0 trident.
The kobold hits you with a +0 dagger. The giant cockroach bites you.
The orc priest hits you with a +1 whip of holy wrath.
Casting: Kiss of Death (safe; 41% risk of failure)
Confirm with . or Enter, or press ? or * to list all spells.
Aiming: Kiss of Death (safe; 41% risk of failure)
Press: ? - help, Shift-Dir - straight line, f/p - orc priest
Aim: an orc priest, wielding a +1 whip of holy wrath (heavily wounded, 100% to hit)
The negative energy hits the orc priest.
The orc priest is drained!
The orc priest is almost dead.
You feel drained. The endoplasm freezes you.
You are frozen.
The orc barely misses you. The kobold hits you but does no damage.
The giant cockroach bites you.
The orc priest invokes the aid of Beogh against you.
Beogh smites you!
* * * LOW HITPOINT WARNING * * *
You hit the orc priest.
Your tail-slap misses the orc priest.
Your punch misses the orc priest.
The orc priest is almost dead.
The endoplasm hits you but does no damage.
The giant cockroach bites you but does no damage.
The kobold hits you but does no damage.
The orc hits you from afar with a +0 trident.
* * * LOW HITPOINT WARNING * * *
You barely miss the orc priest.
You tail-slap the orc priest, but do no damage.
The orc priest is almost dead.
The orc priest hits you with a +1 whip of holy wrath.
* * * LOW HITPOINT WARNING * * *
The giant cockroach barely misses you.
The orc hits you from afar with a +0 trident.
You die...

.......#.....
...........~~.~~ .. ..
...........~.~.. ~ ...
................#. .....
..........##...... #.....
....#.#.###......##......
...####.##.. #..o........
#...###.....##.oJB.#.....
##รท.....##...#.K@##.....#
.......####.###.......#
........##..#####.....#
........###...##.....###
........<##............#
......)..##..##........#
.......#.#..####...##..#
.##....#...............#
.[#...###..............#


You could see an orc priest (very drained), an orc, an endoplasm, a giant
cockroach and a kobold.

Vanquished Creatures
  4 scorpions
  A hound (D:5)
  Terence (D:3)
  Natasha (thrice) (D:3)
  An iguana (D:4)
  2 orc wizards
  4 adders
  A shadow imp (D:4)
  A dart slug (D:1)
  3 orcs
  5 bats
  4 endoplasms
  3 giant cockroaches
  4 hobgoblins
  3 quokkas
  4 ball pythons
  A frilled lizard (D:1)
  6 goblins
  9 kobolds
  4 rats
64 creatures vanquished.

Notes
Turn   | Place    | Note
-------+----------+-------------------------------------------
     0 | D:1      | bearlyready the Armataur Reaver began the quest for the
                  | Orb.
     0 | D:1      | Reached XP level 1. HP: 18/18 MP: 3/3
   119 | D:1      | Reached skill level 3 in Maces & Flails
   146 | D:1      | Reached XP level 2. HP: 14/25 MP: 4/4
   738 | D:2      | Reached XP level 3. HP: 25/31 MP: 5/5
   741 | D:2      | Learned a level 2 spell: Momentum Strike
   920 | D:2      | Reached skill level 4 in Maces & Flails
  1405 | D:3      | Noticed Natasha
  1413 | D:3      | Killed Natasha
  1414 | D:3      | Reached XP level 4. HP: 25/38 MP: 6/6
  1682 | D:3      | Noticed Natasha
  1690 | D:3      | Killed Natasha
  1691 | D:3      | Reached skill level 5 in Maces & Flails
  1877 | D:3      | Noticed Natasha
  1883 | D:3      | Killed Natasha
  1884 | D:3      | Reached XP level 5. HP: 43/43 MP: 7/7
  1950 | D:3      | Noticed Terence
  1960 | D:3      | Killed Terence
  2447 | D:3      | Found a shimmering blue altar of Sif Muna.
  2595 | D:4      | Reached XP level 6. HP: 44/53 MP: 8/8
  2672 | D:4      | Reached skill level 6 in Maces & Flails
  2853 | D:4      | You fall into a shaft and drop 1 floor!
  2853 | D:5      | Entered Level 5 of the Dungeon
  2883 | D:5      | Noticed a yak
  2883 | D:5      | Noticed a yak
  3244 | D:5      | Found a glowing golden altar of the Shining One.
  3313 | D:4      | Reached XP level 7. HP: 62/62 MP: 9/9
  3327 | D:4      | Slain by an orc

Illustrated notes

Levels and vault maps discovered:
D:1:      minmay_arrival_loop, layout_loops_ring
D:2:      layout_rooms, palyth_stone_intersect
D:3:      layout_loops_corners, kennysheep_orc_sif_temple,
          hangedman_abyss_or_decor_stabs, uniq_terence, uniq_natasha
D:4:      layout_cave_pools, hellmonk_ghost_happy_afterlife,
          chequers_serial_rivers_marsh, hangedman_abyss_or_decor_passed
D:5:      kennysheep_big_flooded_room, layout_basic, trog_hazing_becter,
          tso_metal_star, nicolae_dithmenos_shadow_blocks, minivault_23,
          minmay_fractal_squares_diagonal_5, uniq_duvessa, uniq_eustachio

Skill      XL: |  1  2  3  4  5  6 |
---------------+-------------------+-----
Maces & Flails | 3 4 5 6 |  6.5
Fighting       | 2 3 |  3.8
Dodging        | |  1.3
Spellcasting   | |  1.7
Conjurations   | |  2.6

Action                     |  1- 3 |  4- 6 |  7- 9 || total
---------------------------+-------+-------+-------++-------
  Melee: Mace              |    59 |     8 |       ||    67
         Tailslap          |     7 |    11 |     3 ||    21
         Whip              |    59 |   132 |    13 ||   204
         Punch             |       |     1 |       ||     1
  Throw: Stone             |     1 |       |       ||     1
   Cast: Kiss of Death     |       |       |     1 ||     1
    Use: Potion            |       |     2 |       ||     2
         Scroll            |       |     1 |       ||     1
 Armour: Leather armour    |    51 |    18 |       ||    69
         Scale mail        |       |    20 |    15 ||    35
  Dodge: Dodged            |    48 |    42 |    10 ||   100

Table legend: (Time is in decaauts)
 A = Elapsed time spent in this place.
 B = Non-inter-level travel time spent in this place.
 C = Inter-level travel time spent in this place.
 D = Time resting spent in this place.
 E = Time spent auto-exploring this place.
 F = Levels seen in this place.
 G = Mean time per level.
                   A        B        C        D        E       F      G
               +--------+--------+--------+--------+--------+-----+--------+
         Total |   3321 |   3233 |     88 |     70 |   2641 |   5 |  664.2 |
       Dungeon |   3321 |   3233 |     88 |     70 |   2641 |   5 |  664.2 |
               +--------+--------+--------+--------+--------+-----+--------+

Top non-repeatable levels by time:
     D:3: 1273 daAuts
     D:1: 739 daAuts
     D:2: 578 daAuts
     D:5: 412 daAuts
     D:4: 317 daAuts
